Get step-by-step instructions on how to execute this build order below. Start the game timer, and the build order will tick by so you can play in parallel with StarCraft on a second screen or mobile device.

Game Time

  0:00

Last Step

  N/A

Next Step

Upcoming Step



Don't want to look back and forth between 2 screens? Try out our Overwolf App, the Spawning Tool Build Advisor to get an in-game overlay with this build!

Complete Build Order

    2:20  Probe x12 (Chrono Boost)  
    2:31  Unknown  
  13  2:37  Probe (Chrono Boost)  
  13  2:47  Probe (Chrono Boost)  
  13  2:49  Pylon  
  14  2:59  Probe (Chrono Boost)  
  15  3:10  Probe (Chrono Boost)  
  16  3:20  Probe (Chrono Boost)